[Event "HUN-chT Youth 2019"]
[Site "Budapest"]
[Date "2019.10.27"]
[Round "2.13"]
[White "Szarka, Tibor"]
[Black "Markus, Molli Amina"]
[Result "1/2-1/2"]
[ECO "C01"]
[WhiteElo "1469"]
[BlackElo "1614"]
[Annotator "NA RC"]
[PlyCount "63"]
[EventDate "2019.10.26"]
[EventType "team-tourn"]
[EventCountry "HUN"]
[SourceTitle "playchess.com"]
[Source "ChessBase"]
[SourceQuality "1"]
[TimeControl "5400+30"]

1. e4 e6 2. d4 d5 3. exd5 exd5 4. Nf3 Nf6 5. Bd3 Bg4 6. h3 Bh5 7. Nbd2 Bd6 8. O-O O-O 9. Re1 Nc6 10. c3 Qd7 11. Be2 Bg6 12. Nf1 Rfe8 13. Be3 Ne4 14. Bb5 a6 15. Ba4 b5 16. Bb3 Ne7 17. Nh4 c6 18. Bc2 Nf5 19. Nxg6 hxg6 20. Qg4 Rad8 21. Bf4 Bxf4 22. Qxf4 Nfd6 23. Bxe4 Nxe4 24. f3 Nd6 25. Nd2 Nb7 26. Nb3 Re7 27. Rxe7 Qxe7 28. Kf1 Re8 29. Qd2 Qd7 30. a4 Qc7 31. axb5 axb5 32. Ra7 1/2-1/2

[Event "HUN-chT Youth 2019"]
[Site "Budapest"]
[Date "2019.10.27"]
[Round "2.14"]
[White "Ongut, Tamas Gunes"]
[Black "Losonczi, Marcell"]
[Result "1/2-1/2"]
[ECO "C80"]
[WhiteElo "2214"]
[BlackElo "2249"]
[Annotator "NA"]
[PlyCount "98"]
[EventDate "2019.10.26"]
[EventType "team-tourn"]
[EventCountry "HUN"]
[SourceTitle "playchess.com"]
[Source "ChessBase"]
[SourceQuality "1"]
[TimeControl "5400+30"]

1. e4 e5 2. Nf3 Nc6 3. Bb5 a6 4. Ba4 Nf6 5. O-O Nxe4 6. d4 Be7 7. Re1 b5 8. Rxe4 {[%emt 0:00:05] C84: Closed Ruy Lopez: Unusual White 6th moves} d5 9. Nxe5 Nxe5 10. Rxe5 bxa4 11. Qe2 c6 12. Nc3 Ra7 13. Nxa4 O-O {[%emt 0:00:28] [#]} 14. Qd3 $146 ({Predecessor:} 14. Bd2 Bd6 15. f4 Bxe5 16. fxe5 {½-½ (65) Saric,I (2695)-Ragger,M (2687) St Petersburg 2018}) 14... Bd6 15. Re1 Qh4 16. h3 Qh5 17. Bd2 Bf5 18. Qc3 Qg6 19. Nc5 Bxc2 20. Rac1 Bf5 21. Qf3 h5 22. Bf4 Bxc5 23. Rxc5 Be4 24. Qg3 Rb7 25. f3 Qxg3 26. Bxg3 Bd3 27. b3 Rc8 28. Rec1 Re8 29. Rxc6 (29. Rd1 $16 Bf5 30. Rxc6) 29... Re2 30. R6c3 Bf5 31. a3 $11 Rb2 32. b4 Re7 33. Re1 Rxe1+ 34. Bxe1 Rc2 35. Re3 Be6 36. Kh2 Kf8 37. h4 Ke7 38. Kg3 Kd6 39. Re5 g6 40. Re3 Kc6 41. Rc3+ Rxc3 42. Bxc3 Kb5 43. Kf4 Kc4 44. Bb2 f6 45. g4 Kb3 46. Bc1 Kc2 47. Be3 Kb3 48. gxh5 gxh5 49. Bc1 Kc2 {[%emt 0:00:06] Ke4} 1/2-1/2

[Event "HUN-chT Youth 2019"]
[Site "Budapest"]
[Date "2019.10.27"]
[Round "2.14"]
[White "Vadkerti, Vince"]
[Black "Vilics, Hanna"]
[Result "1/2-1/2"]
[ECO "B01"]
[WhiteElo "1531"]
[BlackElo "1253"]
[Annotator "NA"]
[PlyCount "117"]
[EventDate "2019.10.26"]
[EventType "team-tourn"]
[EventCountry "HUN"]
[SourceTitle "playchess.com"]
[Source "ChessBase"]
[SourceQuality "1"]
[TimeControl "5400+30"]

1. e4 d5 2. exd5 Qxd5 3. Nc3 Qa5 4. d4 Nf6 5. Nf3 Bf5 6. Bc4 c6 7. Bd2 Qc7 8. Ne5 e6 9. g4 Be4 10. f3 Bd5 11. g5 Nfd7 12. Nxd7 Nxd7 13. Nxd5 cxd5 14. Bd3 Bd6 15. Qe2 Qb6 16. Bb5 Qxd4 17. Bxd7+ Kxd7 18. Qb5+ Kc8 19. O-O-O Qc5 20. Qf1 Kd7 21. f4 Rac8 22. Qd3 Qc4 23. Be3 Bxf4 24. Bxf4 Qxf4+ 25. Rd2 Qc4 26. Qf3 Rhf8 27. Rhd1 Rc5 28. Qa3 a6 29. c3 Rfc8 30. Rd4 Qe2 31. Qb4 Rb5 32. Qa3 Rc4 33. R1d2 Qe1+ 34. Rd1 Qe3+ 35. Kb1 Rxd4 36. Rxd4 Qe1+ 37. Kc2 Qe2+ 38. Kc1 e5 39. Rb4 Rxb4 40. Qxb4 Qb5 41. Qg4+ Kd6 42. Qf5 Qe2 43. Qxf7 Qe3+ 44. Kc2 Qxg5 45. Qxb7 Qg2+ 46. Kb3 e4 47. Qxa6+ Ke5 48. Qb6 Qd2 49. Qc7+ Ke6 50. Qc6+ Kf5 51. Qd7+ Kf6 52. Qd6+ Kf5 53. Qf8+ Kg6 54. Qd6+ Kh5 55. Qe5+ g5 56. Qd4 Qxh2 57. Qxd5 Qf4 58. a4 e3 59. Qd1+ 1/2-1/2

[Event "HUN-chT Youth 2019"]
[Site "Budapest"]
[Date "2019.10.27"]
[Round "2.15"]
[White "Porpaczy, Marton"]
[Black "Puskas, Mihaly"]
[Result "0-1"]
[ECO "C44"]
[WhiteElo "1066"]
[BlackElo "1480"]
[Annotator "NA RC"]
[PlyCount "76"]
[EventDate "2019.10.26"]
[EventType "team-tourn"]
[EventCountry "HUN"]
[SourceTitle "playchess.com"]
[Source "ChessBase"]
[SourceQuality "1"]
[TimeControl "5400+30"]

1. e4 e5 2. Nf3 Nc6 3. c3 Nf6 4. d4 exd4 5. e5 Qe7 6. cxd4 d6 7. Bb5 Bd7 8. O-O Nd5 9. Re1 Be6 10. Qc2 Kd7 11. exd6 cxd6 12. Nc3 Qf6 13. Ne4 Qf5 14. Bg5 a6 15. Bxc6+ bxc6 16. Rac1 Nb4 17. Qc3 Qb5 18. a4 Qxa4 19. Ne5+ dxe5 20. dxe5 Bd5 21. Qh3+ Kc7 22. Nc3 Qa5 23. Nxd5+ Nxd5 24. e6 fxe6 25. Rxe6 Bd6 26. Rce1 Bb4 27. Qg3+ Kb7 28. Rc1 Rac8 29. Be3 Qc7 30. Qf3 Rhf8 31. Qe2 Nxe3 32. Rxe3 Qb6 33. Rc2 Bc5 34. Rxc5 Qxc5 35. Rb3+ Ka7 36. g3 Rce8 37. Qg4 Qxf2+ 38. Kh1 Qf1# 0-1

[Event "HUN-chT Youth 2019"]
[Site "Budapest"]
[Date "2019.10.27"]
[Round "2.16"]
[White "Kovacsy, Barnabas"]
[Black "Forgacs, Attila Jr."]
[Result "1/2-1/2"]
[ECO "C84"]
[WhiteElo "2093"]
[BlackElo "2104"]
[Annotator "NA"]
[PlyCount "83"]
[EventDate "2019.10.26"]
[EventType "team-tourn"]
[EventCountry "HUN"]
[SourceTitle "playchess.com"]
[Source "ChessBase"]
[SourceQuality "1"]
[TimeControl "5400+30"]

1. e4 e5 2. Nf3 Nc6 3. Bb5 a6 4. Ba4 Nf6 5. O-O Be7 6. d3 d6 7. c3 O-O 8. Re1 Re8 9. Nbd2 {[%emt 0:01:12] C84: Closed Ruy Lopez: Unusual White 6th moves} (9. h3 b5 10. Bc2 Bb7 11. Nbd2 Bf8 12. a4 Nb8 13. b4 Nbd7 14. Nb3 Rb8 15. axb5 axb5 16. Ra7 Nb6 {1-0 (46) Nepomniachtchi,I (2773)-Amin,B (2704) Abidjan 2019}) 9... Bf8 10. Nf1 g6 11. Ng3 Bg7 12. h3 b5 13. Bc2 d5 14. Bg5 d4 15. cxd4 $146 ({Predecessor:} 15. Qd2 Qd6 16. cxd4 Nxd4 17. Nxd4 Qxd4 {½-½ (68) Vykouk,J (2423)-Vajda,L (2547) Slovakia 2018}) 15... Nxd4 16. Nxd4 Qxd4 17. Qf3 Qb6 18. Be3 Qd6 19. d4 Bb7 20. d5 c6 21. dxc6 Qxc6 22. Rac1 Rac8 23. Red1 Red8 24. Rxd8+ Rxd8 25. Bb3 Qd7 26. Bg5 Qe7 27. Qe3 Qd6 28. Qa7 Rd7 29. Rd1 Qc7 30. Rc1 Qd6 31. Be3 h6 $14 32. Rd1 Qc7 33. Rxd7 Qxd7 34. f3 Qc8 35. Ne2 Nd7 36. Nc3 Bf8 37. Bd5 Bxd5 38. Nxd5 Bc5 39. Bxc5 Qxc5+ 40. Qxc5 Nxc5 41. Nc7 b4 42. Kf1 1/2-1/2

[Event "HUN-chT Youth 2019"]
[Site "Budapest"]
[Date "2019.10.27"]
[Round "2.17"]
[White "Toth, Nikoletta"]
[Black "Koltai, Dora"]
[Result "1-0"]
[ECO "D00"]
[WhiteElo "1965"]
[BlackElo "1845"]
[Annotator "NA"]
[PlyCount "89"]
[EventDate "2019.10.26"]
[EventType "team-tourn"]
[EventCountry "HUN"]
[SourceTitle "playchess.com"]
[Source "ChessBase"]
[SourceQuality "1"]
[TimeControl "5400+30"]

1. d4 d5 2. Bf4 Nf6 3. e3 c5 4. c3 Nc6 5. Nd2 Qb6 6. Qb3 g6 7. Ngf3 c4 8. Qxb6 axb6 9. a3 b5 10. Rc1 Bg7 11. Be2 O-O 12. O-O Bf5 13. h3 Ne4 14. g4 Nxd2 15. Nxd2 Bd7 16. Bg3 e5 17. dxe5 Nxe5 18. Nf3 Nxf3+ 19. Bxf3 Bc6 20. Rcd1 Rfd8 21. Bg2 Bf8 22. Rd2 Be7 23. Rfd1 Rd7 24. e4 d4 25. Rxd4 Rad8 26. Rxd7 Rxd7 27. Rxd7 Bxd7 28. f4 Bc5+ 29. Bf2 b6 30. e5 Kf8 31. Bd4 Ke7 32. Kf2 Ke6 33. Ke3 f6 34. exf6 Bxd4+ 35. Kxd4 Kxf6 36. Kd5 Ke7 37. Ke5 h5 38. f5 hxg4 39. hxg4 gxf5 40. gxf5 Be8 41. f6+ Kf7 42. Bd5+ Kg6 43. f7 Bxf7 44. Bxf7+ Kxf7 45. Kd6 1-0

[Event "HUN-chT Youth 2019"]
[Site "Budapest"]
[Date "2019.10.27"]
[Round "2.18"]
[White "Matyassy, Lazar"]
[Black "Bernath, Bence"]
[Result "1/2-1/2"]
[ECO "C48"]
[WhiteElo "1652"]
[BlackElo "2004"]
[Annotator "NA RC"]
[PlyCount "65"]
[EventDate "2019.10.26"]
[EventType "team-tourn"]
[EventCountry "HUN"]
[SourceTitle "playchess.com"]
[Source "ChessBase"]
[SourceQuality "1"]
[TimeControl "5400+30"]

1. e4 e5 2. Nf3 Nc6 3. Nc3 Nf6 4. Bb5 Bd6 5. O-O O-O 6. h3 h6 7. a3 Ne7 8. Nxe5 Bxe5 9. d4 d6 10. dxe5 dxe5 11. Be3 b6 12. Qf3 Ng6 13. Bc6 Rb8 14. Rad1 Qe7 15. Nd5 Nxd5 16. Bxd5 Kh7 17. Rd2 Bd7 18. Rfd1 Rbd8 19. Qg3 f5 20. exf5 Bxf5 21. Bb3 Rd6 22. Kh2 Be6 23. Bd5 Bxd5 24. Rxd5 Qd7 25. R5d2 Qc6 26. Qg4 Rfd8 27. Qf5 Rf6 28. Qxf6 gxf6 29. Rxd8 Nh4 30. R1d7+ Kg6 31. Rg8+ Kf5 32. Rd2 h5 33. f3 1/2-1/2

[Event "HUN-chT Youth 2019"]
[Site "Budapest"]
[Date "2019.10.27"]
[Round "2.19"]
[White "Acs, Marton"]
[Black "Tubak, Daniel"]
[Result "1/2-1/2"]
[ECO "A05"]
[WhiteElo "2126"]
[BlackElo "2219"]
[Annotator "RC"]
[PlyCount "65"]
[EventDate "2019.10.26"]
[EventType "team-tourn"]
[EventCountry "HUN"]
[SourceTitle "playchess.com"]
[Source "ChessBase"]
[SourceQuality "1"]
[TimeControl "5400+30"]

1. Nf3 Nf6 2. g3 g6 3. Bg2 Bg7 4. O-O O-O 5. d4 d6 6. a4 Na6 7. Nc3 c5 8. d5 Nc7 9. h3 a6 10. Nd2 b6 11. Nc4 Rb8 12. e4 b5 13. axb5 axb5 14. Na5 Bd7 15. e5 dxe5 16. Nc6 Bxc6 17. dxc6 b4 18. Na4 Ne6 19. Qxd8 Rbxd8 20. Be3 Nd5 21. Nxc5 Nxe3 22. Nxe6 fxe6 23. fxe3 e4 24. Rxf8+ Kxf8 25. Bxe4 Rc8 26. Ra2 Be5 27. g4 Kf7 28. Kf2 Kf6 29. h4 h6 30. Ke2 Rd8 31. Bf3 Kf7 32. Be4 Kf6 33. Bf3 1/2-1/2

[Event "HUN-chT Youth 2019"]
[Site "Budapest"]
[Date "2019.10.27"]
[Round "2.20"]
[White "Kelemen, David"]
[Black "Erseki, Tamara"]
[Result "1-0"]
[ECO "B35"]
[WhiteElo "2166"]
[BlackElo "2008"]
[Annotator "RC"]
[PlyCount "65"]
[EventDate "2019.10.26"]
[EventType "team-tourn"]
[EventCountry "HUN"]
[SourceTitle "playchess.com"]
[Source "ChessBase"]
[SourceQuality "1"]
[TimeControl "5400+30"]

1. e4 c5 2. Nf3 Nc6 3. d4 cxd4 4. Nxd4 g6 5. Nc3 Bg7 6. Be3 Nf6 7. Bc4 O-O 8. Bb3 Ng4 9. Qxg4 Nxd4 10. Qd1 Nc6 11. O-O d6 12. f4 Qa5 13. Qd2 b5 14. Rae1 b4 15. Nd1 Ba6 16. Rf3 Rad8 17. Rh3 Bc8 18. f5 Qe5 19. Bd5 Bd7 20. c3 bxc3 21. bxc3 h5 22. Rg3 e6 23. Bxc6 Bxc6 24. Bd4 Qb5 25. f6 Bh8 26. Qh6 Bxe4 27. Rxe4 Qf5 28. Rf4 Qb1 29. Rf1 e5 30. Be3 d5 31. Nf2 Qc2 32. Nh3 d4 33. Ng5 1-0

[Event "HUN-chT Youth 2019"]
[Site "Budapest"]
[Date "2019.10.27"]
[Round "2.21"]
[White "Juhasz, Judit"]
[Black "Koszta, Benedek"]
[Result "0-1"]
[ECO "C06"]
[WhiteElo "2004"]
[BlackElo "2043"]
[Annotator "NA RC"]
[PlyCount "60"]
[EventDate "2019.10.26"]
[EventType "team-tourn"]
[EventCountry "HUN"]
[SourceTitle "playchess.com"]
[Source "ChessBase"]
[SourceQuality "1"]
[TimeControl "5400+30"]

1. e4 e6 2. d4 d5 3. Nd2 Nf6 4. e5 Nfd7 5. Bd3 c5 6. c3 Nc6 7. Ne2 cxd4 8. cxd4 f6 9. exf6 Nxf6 10. Nf3 Bd6 11. O-O O-O 12. Bf4 Bxf4 13. Nxf4 Ne4 14. Qc1 Qf6 15. Nh5 Qg6 16. Nf4 Qg4 17. g3 g5 18. h3 Qf5 19. Ne1 gxf4 20. f3 Qxh3 21. fxe4 Qxg3+ 22. Ng2 Qxd3 23. Rxf4 Rxf4 24. Qxf4 Qxe4 25. Qg5+ Qg6 26. Qh4 Bd7 27. Kh2 Kh8 28. Nf4 Qf5 29. Rg1 Rg8 30. Rf1 Qg5 0-1

[Event "HUN-chT Youth 2019"]
[Site "Budapest"]
[Date "2019.10.27"]
[Round "2.22"]
[White "Megyaszai, Balazs"]
[Black "Bakos, Balazs"]
[Result "1-0"]
[ECO "B48"]
[WhiteElo "1894"]
[BlackElo "2408"]
[Annotator "NA"]
[PlyCount "74"]
[EventDate "2019.10.26"]
[EventType "team-tourn"]
[EventCountry "HUN"]
[SourceTitle "playchess.com"]
[Source "ChessBase"]
[SourceQuality "1"]
[TimeControl "5400+30"]

1. e4 c5 2. Nf3 e6 3. d4 cxd4 4. Nxd4 Nc6 5. Nc3 Qc7 6. Be3 a6 7. Qf3 {[%emt 0:03:53] B48: Sicilian: Taimanov: 5 Nc3 Qc7 6 Be3 a6 without Be2} Nf6 (7... Ne5 8. Qg3 h5 9. Bg5 f6 10. Bf4 Ne7 11. O-O-O Kf7 12. Bxe5 Qxe5 13. f4 h4 14. Qe3 Qc7 {1-0 (35) Ding,L (2811)-Shankland,S (2705) chess.com INT 2019}) 8. O-O-O Rb8 9. Be2 b5 10. Nxc6 dxc6 11. Bg5 $146 ({Predecessor:} 11. g4 b4 12. Na4 c5 13. g5 Nd7 14. Bf4 e5 {0-1 (36) Matovic,M (2234)-Sylvan,J (2336) Porto Carras 2018}) 11... Be7 12. e5 Nd5 13. Bxe7 Qxe7 14. Ne4 O-O 15. Qg3 Bb7 16. Nd6 c5 17. Bf3 Rfd8 18. h4 c4 19. Kb1 Qc7 20. h5 h6 (20... f5 $16) 21. Rh4 (21. Bxd5 $18 Bxd5 22. Rxd5 exd5 {[#]} 23. Nf5 $1 ) 21... Rxd6 (21... Kh7 $16 {might work better.}) 22. exd6 Qd8 23. Rg4 Qf6 $2 (23... Qf8 24. Qe5 Kh8) 24. Rdd4 Rd8 $18 (24... Kh8 $142 25. d7 Rd8) 25. Rxg7+ Qxg7 26. Rg4 Qxg4 27. Qxg4+ Kf8 28. Bxd5 Bxd5 29. Qf4 Ke8 30. a3 Bxg2 31. Qxh6 Rxd6 32. Qe3 Rd1+ 33. Ka2 Bd5 34. h6 Rh1 35. Qg5 c3+ 36. b3 Be4 37. Qe3 Bf5 1-0

[Event "HUN-chT Youth 2019"]
[Site "Budapest"]
[Date "2019.10.27"]
[Round "2.23"]
[White "Erseki, Aron"]
[Black "Kocsmar, Akos"]
[Result "1/2-1/2"]
[ECO "B12"]
[WhiteElo "1847"]
[BlackElo "1916"]
[Annotator "NA RC"]
[PlyCount "84"]
[EventDate "2019.10.26"]
[EventType "team-tourn"]
[EventCountry "HUN"]
[SourceTitle "playchess.com"]
[Source "ChessBase"]
[SourceQuality "1"]
[TimeControl "5400+30"]

1. e4 c6 2. d4 d5 3. e5 Bf5 4. Ne2 e6 5. Ng3 Bg6 6. Bd3 Bxd3 7. Qxd3 Nd7 8. O-O c5 9. c3 h5 10. f4 g6 11. Nd2 Be7 12. Nf3 h4 13. Nh1 Nh6 14. Nf2 Nf5 15. Ng4 Qb6 16. Ne3 O-O-O 17. a4 Kb8 18. a5 Qc6 19. Bd2 Rdg8 20. Rfc1 Rh5 21. c4 dxc4 22. Rxc4 h3 23. Nxf5 gxf5 24. g3 Qd5 25. Rac1 Rg4 26. Kf2 Rh8 27. Qc2 f6 28. dxc5 Rc8 29. Be3 fxe5 30. c6 exf4 31. Bxf4+ Rxf4 32. gxf4 Nf6 33. cxb7 Bc5+ 34. Ke2 Rg8 35. Rxc5 Rg2+ 36. Ke1 Rxc2 37. Rxd5 Rxc1+ 38. Rd1 Rxd1+ 39. Kxd1 Kxb7 40. Ng5 Ng4 41. Nxe6 Nxh2 42. Ng5 Ka6 1/2-1/2

[Event "HUN-chT Youth 2019"]
[Site "Budapest"]
[Date "2019.10.27"]
[Round "2.24"]
[White "Kis, Izabella"]
[Black "Bencze, Balazs Dominik"]
[Result "0-1"]
[ECO "B02"]
[WhiteElo "1523"]
[BlackElo "1779"]
[Annotator "NA RC"]
[PlyCount "78"]
[EventDate "2019.10.26"]
[EventType "team-tourn"]
[EventCountry "HUN"]
[SourceTitle "playchess.com"]
[Source "ChessBase"]
[SourceQuality "1"]
[TimeControl "5400+30"]

1. e4 Nf6 2. e5 Nd5 3. c4 Nb6 4. Nc3 Nc6 5. c5 Nxe5 6. cxb6 axb6 7. d4 Nc6 8. Nf3 d5 9. Bf4 e6 10. Bb5 Bb4 11. O-O O-O 12. Qc2 Bd7 13. a3 Be7 14. Rfe1 f6 15. Bd3 f5 16. Nb5 Rc8 17. Rac1 g5 18. Be5 g4 19. Nd2 Nxe5 20. dxe5 c5 21. Nc3 c4 22. Bf1 d4 23. Nd1 b5 24. f3 Bc5 25. Kh1 g3 26. h3 Qg5 27. Ra1 Ba7 28. Qc1 Qg7 29. f4 Bc6 30. Rb1 Qh6 31. Nf3 Be4 32. Ra1 Rfd8 33. Ng5 Bc6 34. Qc2 Rd7 35. Rc1 d3 36. Qd2 Rg7 37. Nc3 Rxg5 38. Ne4 Rg7 39. Nf6+ Kh8 0-1

[Event "HUN-chT Youth 2019"]
[Site "Budapest"]
[Date "2019.10.27"]
[Round "2.25"]
[White "Bohus, Adam"]
[Black "Karacsonyi, Gellert"]
[Result "0-1"]
[ECO "D37"]
[WhiteElo "2229"]
[BlackElo "2301"]
[Annotator "NA"]
[PlyCount "74"]
[EventDate "2019.10.26"]
[EventType "team-tourn"]
[EventCountry "HUN"]
[SourceTitle "playchess.com"]
[Source "ChessBase"]
[SourceQuality "1"]
[TimeControl "5400+30"]

1. d4 Nf6 2. c4 e6 3. Nf3 d5 4. Nc3 Nbd7 5. Bf4 dxc4 6. e3 {[%emt 0:00:22] D37: Queen's Gambit Declined: 5 Bf4} b5 7. Nxb5 Bb4+ 8. Nc3 Nd5 9. Rc1 N7b6 10. Bg3 O-O (10... c5 11. Be2 O-O 12. O-O Bb7 13. Nxd5 Qxd5 {0-1 (42) Ding,L (2805)-Aronian,L (2765) Saint Louis 2019}) 11. Be2 Bb7 12. O-O Nxc3 13. bxc3 Ba3 14. Rc2 {[%emt 0:15:02] [#]} Rb8 $146 ({Predecessor:} 14... c5 15. Rd2 Qe7 {½-½ (15) Kovacs,G (2456)-Erdos,V (2585) Hungary 2017}) 15. Ne5 Bd5 16. Bf3 Qe8 17. Qe2 f6 18. e4 Bb7 19. Ng4 Rc8 20. Re1 Qb5 21. Ne3 Rf7 22. Bh5 Re7 23. e5 f5 24. Bh4 Rd7 25. Nxf5 (25. Bf3 $11 {remains equal.} Bxf3 26. Qxf3) 25... exf5 26. e6 {[%emt 0:00:02] [#]} Re7 $1 27. Bf7+ Kh8 28. Qh5 $17 Nd5 29. Qxf5 Rf8 30. Rce2 Nxc3 31. Re5 Rexf7 32. Qxf7 Qc6 33. d5 Nxd5 34. Qd7 Ne7 35. f3 Bc5+ 36. Kh1 Qxf3 37. Rg1 Qxg2+ 0-1

[Event "HUN-chT Youth 2019"]
[Site "Budapest"]
[Date "2019.10.27"]
[Round "2.27"]
[White "Dibusz, Domonkos"]
[Black "Kocsis, Peter"]
[Result "1/2-1/2"]
[ECO "C61"]
[WhiteElo "2088"]
[BlackElo "1929"]
[Annotator "NA RC"]
[PlyCount "69"]
[EventDate "2019.10.26"]
[EventType "team-tourn"]
[EventCountry "HUN"]
[SourceTitle "playchess.com"]
[Source "ChessBase"]
[SourceQuality "1"]
[TimeControl "5400+30"]

1. e4 e5 2. Nf3 Nc6 3. Bb5 Nd4 4. Nxd4 exd4 5. Bc4 Nf6 6. d3 d5 7. exd5 Nxd5 8. O-O Be6 9. Re1 Qd7 10. c3 dxc3 11. bxc3 O-O-O 12. Bg5 f6 13. Be3 Nxe3 14. Bxe6 Nxd1 15. Bxd7+ Rxd7 16. Rxd1 Bc5 17. d4 Rhd8 18. Nd2 Bxd4 19. Ne4 f5 20. Rxd4 Rxd4 21. cxd4 fxe4 22. Rd1 c5 23. Rc1 Rxd4 24. Rxc5+ Kd7 25. Kf1 Rd2 26. a4 Rd4 27. a5 Ke6 28. Rb5 Rd7 29. Ke2 Kd6 30. Ke3 Re7 31. Kd4 Kc6 32. Rc5+ Kd6 33. Rb5 Kc6 34. Rc5+ Kd6 35. Rb5 1/2-1/2

[Event "HUN-chT Youth 2019"]
[Site "Budapest"]
[Date "2019.10.27"]
[Round "2.28"]
[White "Sulyok, Eszter"]
[Black "Kovacs, Gabor Etele"]
[Result "1-0"]
[ECO "A14"]
[WhiteElo "1893"]
[BlackElo "2053"]
[Annotator "NA"]
[PlyCount "119"]
[EventDate "2019.10.26"]
[EventType "team-tourn"]
[EventCountry "HUN"]
[SourceTitle "playchess.com"]
[Source "ChessBase"]
[SourceQuality "1"]
[TimeControl "5400+30"]

1. c4 e6 2. g3 d5 3. Bg2 Nf6 4. Nf3 Be7 5. O-O O-O 6. b3 b6 7. Bb2 Nbd7 8. d4 Bb7 9. Nc3 Rc8 10. Ne5 c6 11. Nd3 Ba6 12. cxd5 cxd5 13. Rc1 h6 14. Qd2 Bxd3 15. Qxd3 Nb8 16. Rc2 Nc6 17. a3 Na5 18. Nb1 Qd7 19. Rfc1 Bd6 20. Nd2 Rxc2 21. Qxc2 Rd8 22. e4 dxe4 23. Nxe4 Nxe4 24. Bxe4 Bb8 25. Qc3 Nb7 26. b4 Nd6 27. Bc6 Qe7 28. d5 f6 29. Re1 e5 30. b5 Nb7 31. Qb3 Kh8 32. Bc3 Nc5 33. Qc4 Qf7 34. Bb4 Bd6 35. Bd2 Qh5 36. Be3 Qf3 37. Qe2 Qf5 38. Rd1 Na4 39. Qd3 Qh5 40. Rc1 Nc5 41. Qc2 Qg4 42. Bxc5 Bxc5 43. a4 Qf3 44. Re1 Rd6 45. a5 Rxd5 46. Bxd5 Qxd5 47. Rd1 Bd4 48. axb6 axb6 49. Rc1 Bc5 50. Qc4 Qd2 51. Rc2 Qd7 52. Ra2 Qb7 53. Qa4 Qf7 54. Rd2 Bd4 55. Rc2 Bc5 56. Qa8+ Kh7 57. Qe4+ Kg8 58. Qc4 Qxc4 59. Rxc4 Kf7 60. Rxc5 1-0

[Event "HUN-chT Youth 2019"]
[Site "Budapest"]
[Date "2019.10.27"]
[Round "2.29"]
[White "Giang, Tran Nam"]
[Black "Szabo, Miklos"]
[Result "1-0"]
[ECO "C78"]
[WhiteElo "2028"]
[BlackElo "1796"]
[Annotator "NA RC"]
[PlyCount "75"]
[EventDate "2019.10.26"]
[EventType "team-tourn"]
[EventCountry "HUN"]
[SourceTitle "playchess.com"]
[Source "ChessBase"]
[SourceQuality "1"]
[TimeControl "5400+30"]

1. e4 e5 2. Nf3 Nc6 3. Bb5 a6 4. Ba4 Nf6 5. O-O Bd6 6. Re1 b5 7. Bb3 Bb7 8. c3 O-O 9. d4 h6 10. dxe5 Nxe5 11. Nxe5 Bxe5 12. Nd2 c5 13. Nf3 Bc7 14. e5 Ng4 15. Bf4 c4 16. Bc2 Re8 17. Be4 Bxe4 18. Rxe4 d6 19. Rd4 Bb6 20. Rd2 d5 21. Nd4 Qc8 22. Re2 Bc7 23. Qe1 f6 24. Nf3 Qb8 25. Qd2 fxe5 26. Qxd5+ Kh8 27. Bg3 Nf6 28. Qd2 e4 29. Nd4 Bxg3 30. hxg3 Qb7 31. Rae1 Rad8 32. Qf4 b4 33. Nf5 Qb8 34. Qh4 Kh7 35. Nxh6 gxh6 36. Qxf6 Rg8 37. Rxe4 Rd6 38. Re7+ 1-0

[Event "HUN-chT Youth 2019"]
[Site "Budapest"]
[Date "2019.10.27"]
[Round "2.32"]
[White "Czumbel, Peter"]
[Black "Leszko, Bence"]
[Result "1/2-1/2"]
[ECO "A04"]
[WhiteElo "2021"]
[BlackElo "2201"]
[Annotator "NA"]
[PlyCount "132"]
[EventDate "2019.10.26"]
[EventType "team-tourn"]
[EventCountry "HUN"]
[SourceTitle "playchess.com"]
[Source "ChessBase"]
[SourceQuality "1"]
[TimeControl "5400+30"]

1. Nf3 e6 2. g3 b6 3. Bg2 Bb7 4. d3 (4. O-O g6 5. c4 Bg7 6. Nc3 Nf6 7. Re1 d5 8. cxd5 Nxd5 9. e4 Nxc3 10. bxc3 c5 11. d4 Nc6 12. Bg5 Ne7 13. Qa4+ Bc6 {1-0 (38) Halkias,S (2552)-Fressinet,L (2652) Skopje 2019}) 4... f5 5. e4 fxe4 6. Ng5 {[%emt 0:00:38] A04: Unusual lines after 1 Nf3 and King's Indian Attack} Nf6 7. Nxe4 Nxe4 8. Qh5+ g6 9. Qe5 Rg8 10. Bxe4 $146 ({Predecessor:} 10. dxe4 Bg7 11. Qf4 {0-1 (40) Bielmeier,L (2123)-Keller,A (1909) Bayerisch Eisenstein 2013}) 10... Bg7 11. Qf4 d5 12. Bg2 Qe7 13. O-O e5 14. Qg4 Nd7 15. Nc3 c6 16. Re1 O-O-O 17. f4 Kb8 18. fxe5 Bxe5 19. Bg5 Qc5+ 20. Kh1 h5 21. Qe6 Rge8 22. Qf7 Rf8 23. Qxg6 Rg8 24. Qxh5 Rh8 25. Qf3 Rdf8 26. Bf4 Ka8 27. Re2 Qd6 28. Rf1 Bxf4 29. gxf4 Rh4 30. Qg3 Rfh8 31. Re8+ Rxe8 32. Qxh4 Qb4 33. Qh7 Nc5 34. Qf7 Rh8 35. Qf6 Re8 36. a3 Qxb2 37. Nxd5 $1 {[%emt 0:00:12] Discovered Attack} Qxf6 38. Nxf6 Rf8 39. Ne4 Ne6 40. f5 Nd4 41. c3 Nc2 42. f6 Ne3 43. Rf3 Nxg2 44. Kxg2 c5 45. Rf4 c4 46. dxc4 Bxe4+ 47. Rxe4 Rxf6 48. Kg3 Kb7 49. h4 Rf1 50. h5 Rg1+ 51. Kf4 $18 Kc6 52. Kf5 Rh1 53. Kg6 Rg1+ 54. Kh7 Rg3 55. h6 Rxc3 56. Kg7 Rg3+ 57. Kf6 Rxa3 58. Rh4 Rf3+ 59. Kg5 Rf8 60. h7 Rh8 61. Kg6 Kc5 62. Kg7 Rxh7+ 63. Kxh7 a5 64. Kg6 a4 65. Kf5 a3 66. Rh3 Kb4 1/2-1/2

[Event "HUN-chT Youth 2019"]
[Site "Budapest"]
[Date "2019.10.27"]
[Round "2.34"]
[White "Lakatos, Tamas"]
[Black "Daroczi, Donat"]
[Result "0-1"]
[ECO "C11"]
[WhiteElo "1893"]
[BlackElo "1976"]
[Annotator "NA RC"]
[PlyCount "48"]
[EventDate "2019.10.26"]
[EventType "team-tourn"]
[EventCountry "HUN"]
[SourceTitle "playchess.com"]
[Source "ChessBase"]
[SourceQuality "1"]
[TimeControl "5400+30"]

1. e4 e6 2. d4 d5 3. Nc3 Nf6 4. e5 Nfd7 5. f4 c5 6. Nf3 Nc6 7. Be3 a6 8. Be2 b5 9. O-O Qb6 10. Kh1 cxd4 11. Nxd4 Bc5 12. Nxc6 Bxe3 13. Nb4 Bb7 14. f5 d4 15. fxe6 fxe6 16. Bd3 dxc3 17. Qh5+ Kd8 18. Rad1 Kc7 19. Rf7 Raf8 20. Bf5 Bd4 21. bxc3 g6 22. Rxf8 Rxf8 23. Qxh7 Rxf5 24. cxd4 Qxd4 0-1